 Dungeon Crawl Stone Soup version 0.21.1-1-g345015f (webtiles) character file.

9834 Heatsaber the Slicer (level 11, -9/42 HPs)
             Began as a Vine Stalker Enchanter on May 22, 2018.
             Was an Elder of Dithmenos.
             Killed from afar by a gargoyle (14 damage)
             ... with a stone arrow
             ... on level 11 of the Dungeon.
             The game lasted 01:20:34 (10258 turns).

Heatsaber the Slicer (Vine Stalker Enchanter)      Turns: 10258, Time: 01:20:36

Health: -9/42      AC:  7    Str: 12    XL:     11   Next: 52%
Magic:  0/17       EV: 12    Int: 17    God:    Dithmenos [****..]
Gold:   632        SH:  6    Dex: 15    Spells: 12/20 levels left

rFire    . . .     SeeInvis .   F - +2 short sword (elec)
rCold    + + .     Gourm    +   t - +0 buckler
rNeg     . . .     Faith    .   y - +0 troll leather armour
rPois    .         Spirit   +   (no helmet)
rElec    .         Reflect  .   D - +0 cloak
rCorr    .         Harm     .   x - +0 pair of gloves
MR       +....                  j - +0 pair of boots
Stlth    +++++.....             O - amulet of the gourmand
HPRegen  0.94/turn              r - ring of protection from cold
MPRegen  0.15/turn              I - ring of wizardry

@: wreathed by umbra
A: fangs 3, cold resistance 1, frail 1, low mp 1, regeneration 1, magic shield,
antimagic bite, no potion heal 3, rot immunity
a: Shadow Step, Renounce Religion


You were on level 11 of the Dungeon.
You worshipped Dithmenos.
Dithmenos was greatly pleased with you.
You were not hungry.

You visited 1 branch of the dungeon, and saw 11 of its levels.

You collected 632 gold pieces.

Inventory:

Hand Weapons
 a - a +1 dagger
 g - a +3 hunting sling
 l - a +0 dagger of electrocution
 F - a +2 short sword of electrocution (weapon)
Missiles
 p - 164 stones (quivered)
 q - 158 sling bullets
Armour
 b - a +0 robe
 j - a +0 pair of boots (worn)
 t - a +0 buckler (worn)
 v - the +8 scale mail of the Lobster {rN+}
   (You found it on level 4 of the Dungeon)

   It protects you from negative energy.
 x - a +0 pair of gloves (worn)
 y - a +0 troll leather armour (worn)
 z - a cursed +0 shield
 D - a +0 cloak (worn)
 M - a +0 robe of magic resistance
 N - the +0 pair of gloves of Classification {rElec Dex+6 Slay-4}
   (You found it on level 10 of the Dungeon)

   It affects your dexterity (+6).
   It affects your accuracy and damage with ranged weapons and melee attacks
   (-4).
   It insulates you from electricity.
Magical Staves
 k - an uncursed staff of poison
Jewellery
 r - a ring of protection from cold (left hand)
 I - a ring of wizardry (right hand)
 O - an amulet of the gourmand (around neck)
Wands
 B - a wand of paralysis (9)
 E - a wand of polymorph (13)
Scrolls
 e - 6 scrolls of teleportation
 f - a scroll of torment {unknown}
 i - 2 scrolls of amnesia
 m - 2 scrolls of fog
 s - 3 scrolls of remove curse
 w - 3 scrolls of enchant armour
 C - 2 scrolls of magic mapping
 G - 5 scrolls of identify
 H - a scroll of silence {unknown}
Potions
 h - a potion of lignification
 n - a potion of mutation
 o - a potion of ambrosia
 u - a potion of might {unknown}
 K - a potion of magic {unknown}
 L - 2 potions of curing {unknown}
Books
 c - a book of Maledictions

   Spells                             Type                      Level
   a - Corona                         Hexes                        1
   b - Ensorcelled Hibernation        Hexes/Ice                    2
   c - Confuse                        Hexes                        3
   d - Tukima's Dance                 Hexes                        3
   e - Dazzling Spray                 Conjuration/Hexes            3
 A - a book of Misfortune

   Spells                             Type                      Level
   a - Confusing Touch                Hexes                        1
   b - Confuse                        Hexes                        3
   c - Gell's Gravitas                Translocation                3
   d - Petrify                        Transmutation/Earth          4
   e - Metabolic Englaciation         Hexes/Ice                    5
   f - Yara's Violent Unravelling     Hexes/Transmutation          5
Comestibles
 d - 17 rations


   Skills:
 + Level 10.4 Short Blades
 - Level 1.5 Dodging
 - Level 8.0 Stealth
 + Level 8.3 Shields
 + Level 5.0 Spellcasting
 - Level 8.0 Hexes


You had 12 spell levels left.
You knew the following spells:

 Your Spells              Type           Power        Failure   Level  Hunger
b - Ensorcelled Hibernat  Hex/Ice        ###...       2%          2    #......
c - Confuse               Hex            ####....     1%          3    ###....
d - Tukima's Dance        Hex            ####....     1%          3    ###....


Dungeon Overview and Level Annotations

Branches:
Dungeon (11/15)            Temple (0/1) D:5
   Lair: D:8-11         Orc: D:9-12

Altars:
Ashenzari
Dithmenos
Fedhas
Ru
Trog
Yredelemnul
Zin

Shops:
D:9 %


Innate Abilities, Weirdness & Mutations

You have razor-sharp teeth.
Your natural rate of healing is unusually fast.
When hurt, damage is shared between your health and your magic reserves.
Your bite disrupts and absorbs the magic of your enemies.
Potions cannot restore your health.
You are immune to rotting.
Your flesh is cold resistant. (rC+)
You are frail. (-10% HP)
Your magical capacity is low. (-10% MP)


Message History

The troll claws the gargoyle.
You hit the troll but do no damage. Lightning courses through the troll!
The troll is heavily wounded.
You catch the helpless troll completely off-guard!
You impale the troll!!
You kill the troll!
Dithmenos accepts your kill.
Your Spellcasting skill increases to level 5!
Casting: Confuse
Confirm with . or Enter, or press ? or * to list all spells.
You don't have enough magic to cast that spell.
Unknown command.
The gargoyle hurls a stone arrow at you.
The stone arrow hits you!
* * * LOW HITPOINT WARNING * * *
You emit a cloud of dark smoke.
Okay, then.
The gargoyle hurls a stone arrow at you.
The stone arrow hits you!
You die...

#..........)(..
#.........%..##########
#.....................#
#........#...##....##.#
#.............#....#<.#
#.............#....####.
..............#.........#
.....?.....9..##'########
.####...#..§§§#.@....#
#####..§§§#......#
##§§§§§#9.....##
.......§§§.........
###################


You could see a gargoyle.

Vanquished Creatures
  2 two-headed ogres (D:8)
  Pikel (D:4)
  Joseph (D:8)
  3 centaur zombies (D:10)
  Maurice (D:8)
  Psyche (D:8)
  A gargoyle (D:10)
  A troll (D:11)
  A hippogriff (D:7)
  A slime creature (D:7)
  8 yaks (D:10)
  2 hungry ghosts (D:10)
  2 orc warriors
  A slave (D:4)
  2 ice beasts
  An eye of draining (shapeshifter) (D:9)
  4 sky beasts
  A necrophage (D:5)
  A phantom (D:6)
  The ghost of fly the Grave Robber, an amateur DDNe (D:4)
  2 ogres
  4 centaurs
  3 bullfrogs
  A gnoll sergeant (D:9)
  4 scorpions
  A water moccasin skeleton (D:11)
  A wight (D:7)
  9 killer bees (D:9)
  2 howler monkeys
  A crimson imp (D:7)
  A bullfrog zombie (D:9)
  3 centaur skeletons
  A hound (D:9)
  2 orc priests
  6 jellies
  A quasit (D:5)
  6 iguanas
  14 orc wizards
  3 bullfrog skeletons
  Natasha (D:2)
  7 worker ants
  Terence (D:3)
  3 hound zombies
  A hound skeleton (D:6)
  A worker ant zombie (D:7)
  4 gnolls
  7 adders
  A shadow imp (D:10)
  5 oozes (D:9)
  2 adder skeletons
  An adder zombie (D:7)
  A worm (D:5)
  A dart slug (D:3)
  2 leopard geckos
  35 orcs
  3 giant cockroaches
  5 goblins
  6 hobgoblins
  10 jackals
  10 kobolds
  5 quokkas
  7 bats
  6 frilled lizards
  A leopard gecko zombie (D:6)
  2 quokka skeletons
  10 rats
239 creatures vanquished.

Vanquished Creatures (collateral kills)
  A yak (D:10)
  An orc (D:10)
2 creatures vanquished.

Vanquished Creatures (others)
  3 dancing weapons
3 creatures vanquished.

Grand Total: 244 creatures vanquished

Notes
Turn   | Place    | Note
-------+----------+-------------------------------------------
     0 | D:1      | Heatsaber the Vine Stalker Enchanter began the quest for the Orb.
     0 | D:1      | Reached XP level 1. HP: 9/9 MP: 4/4
    84 | D:1      | Reached skill level 1 in Short Blades
   167 | D:1      | Reached XP level 2. HP: 5/13 MP: 4/6
   710 | D:1      | Learned a level 2 spell: Ensorcelled Hibernation
  1252 | D:2      | Reached XP level 3. HP: 15/16 MP: 5/7
  1257 | D:2      | Learned a level 3 spell: Confuse
  1408 | D:2      | Noticed Natasha
  1467 | D:2      | Killed Natasha
  1467 | D:2      | Gained mutation: Your natural rate of healing is unusually fast. [Vine Stalker growth]
  1467 | D:2      | Reached XP level 4. HP: 21/21 MP: 7/9
  2273 | D:3      | Reached skill level 2 in Short Blades
  2663 | D:3      | Reached XP level 5. HP: 13/24 MP: 6/10
  2703 | D:3      | Noticed Terence
  2712 | D:3      | Killed Terence
  2712 | D:3      | Reached skill level 5 in Stealth
  2756 | D:3      | Found a shadowy altar of Dithmenos.
  2937 | D:3      | Became a worshipper of Dithmenos the Shadowed
  3168 | D:4      | Learned a level 3 spell: Tukima's Dance
  3182 | D:4      | Got a slimy scale mail
  3193 | D:4      | Identified the +8 scale mail of the Lobster {rN+} (You found it on level 4 of the Dungeon)
  3218 | D:4      | Noticed an ogre
  3220 | D:4      | Killed an ogre
  3220 | D:4      | Reached XP level 6. HP: 28/28 MP: 12/12
  3331 | D:4      | Reached skill level 3 in Short Blades
  3706 | D:4      | Reached XP level 7. HP: 15/32 MP: 2/14
  3965 | D:4      | Noticed Pikel
  3979 | D:4      | Noticed fly's ghost (amateur DDNe)
  4138 | D:4      | Killed fly's ghost
  4160 | D:4      | Killed Pikel
  4160 | D:4      | Reached skill level 4 in Short Blades
  4160 | D:4      | Reached skill level 5 in Hexes
  4160 | D:4      | Gained mutation: You have razor-sharp teeth. [Vine Stalker growth]
  4160 | D:4      | Reached XP level 8. HP: 24/36 MP: 4/15
  4325 | D:5      | Entered Level 5 of the Dungeon
  4480 | D:5      | Found a basalt altar of Yredelemnul.
  4483 | D:5      | Found a shattered altar of Ashenzari.
  4486 | D:5      | Found a blossoming altar of Fedhas.
  4489 | D:5      | Found a sacrificial altar of Ru.
  4761 | D:5      | You fall through a shaft for 2 floors!
  4782 | D:7      | Reached skill level 5 in Short Blades
  4885 | D:5      | Found a staircase to the Ecumenical Temple.
  5539 | D:6      | Reached * piety under Dithmenos
  5836 | D:6      | Reached XP level 9. HP: 39/39 MP: 16/16
  5873 | D:6      | Reached skill level 6 in Short Blades
  6396 | D:7      | Reached ** piety under Dithmenos
  6485 | D:7      | Found a bloodstained altar of Trog.
  6587 | D:7      | Reached skill level 1 in Shields
  6935 | D:7      | Reached skill level 7 in Short Blades
  7232 | D:8      | Reached XP level 10. HP: 44/44 MP: 17/17
  7476 | D:8      | Reached skill level 8 in Short Blades
  7485 | D:8      | Noticed a two-headed ogre
  7494 | D:8      | Noticed Maurice
  7497 | D:8      | Noticed Joseph
  7501 | D:8      | Killed Maurice
  7501 | D:8      | Reached skill level 5 in Shields
  7532 | D:8      | Killed Joseph
  7710 | D:8      | Noticed Psyche
  7735 | D:8      | Killed Psyche
  7847 | D:8      | Noticed a two-headed ogre
  7847 | D:8      | Killed a two-headed ogre
  7847 | D:8      | Reached skill level 9 in Short Blades
  7864 | D:8      | Killed a two-headed ogre
  8050 | D:9      | Gained mutation: Your magical capacity is low. (-10% MP) [potion of mutation]
  8050 | D:9      | Gained mutation: You are frail. (-10% HP) [potion of mutation]
  8050 | D:9      | Gained mutation: Your flesh is cold resistant. (rC+) [potion of mutation]
  8289 | D:9      | Found Heukkidu's Food Boutique.
  8441 | D:9      | Found a glowing silver altar of Zin.
  8499 | D:9      | Reached *** piety under Dithmenos
  8509 | D:9      | Reached XP level 11. HP: 42/42 MP: 16/16
  9307 | D:10     | Entered Level 10 of the Dungeon
  9368 | D:10     | Reached skill level 10 in Short Blades
  9632 | D:10     | Reached **** piety under Dithmenos
  9800 | D:10     | Got a pair of brightly glowing gloves
  9811 | D:10     | Identified the cursed +0 pair of gloves of Classification {rElec Dex+6 Slay-4} (You found it on level 10 of the Dungeon)
 10254 | D:11     | Reached skill level 5 in Spellcasting
 10255 | D:11     | HP: 2/42 [gargoyle/stone arrow (20)]
 10258 | D:11     | Killed from afar by a gargoyle

Skill      XL: |  1  2  3  4  5  6  7  8  9 10 11 |
---------------+----------------------------------+-----
Short Blades   | 1 2 3 4 5 7 9 10 | 10.4
Stealth        | 4 5 6 7 8 |  8.0
Spellcasting   | 3 4 5 |  5.0
Hexes          | 4 5 7 8 |  8.0
Shields        | 4 7 8 |  8.3
Dodging        | |  1.5

Action                   |  1- 3 |  4- 6 |  7- 9 | 10-12 || total
-------------------------+-------+-------+-------+-------++-------
Melee: Dagger            |    71 |   107 |   240 |   114 ||   532
       Bite              |    10 |    17 |    56 |    50 ||   133
       Short sword       |       |       |       |   168 ||   168
 Fire: Hunting sling     |       |       |     4 |       ||     4
Throw: Stone             |       |       |     1 |     1 ||     2
 Cast: Corona            |     8 |     1 |       |       ||     9
       Ensorcelled Hiber |     1 |    16 |    30 |    50 ||    97
       Confuse           |       |     9 |    30 |    15 ||    54
       Tukima's Dance    |       |       |       |     7 ||     7
Invok: Shadow Step       |       |       |       |     1 ||     1
  Use: Scroll            |       |       |     9 |     3 ||    12
       Potion            |       |       |     2 |     3 ||     5
 Stab: Sleeping          |     8 |    19 |    29 |    38 ||    94
       Confused          |       |       |    10 |     6 ||    16
  Eat: Chunk             |     2 |     8 |    12 |    14 ||    36
       Ration            |       |       |     1 |       ||     1
Armor: Robe              |     9 |    21 |       |       ||    30
       Troll leather arm |       |     3 |    57 |    35 ||    95
       Skin              |       |       |     3 |   113 ||   116
Dodge: Dodged            |    34 |    75 |   109 |   116 ||   334
Block: Buckler           |       |       |       |    58 ||    58
